 Dungeon Crawl Stone Soup version 0.29.1-1-gd02db6906a (webtiles) character file.

Game seed: 9687159573984885388

44 Iusername the Covered (level 3, -3/33 HPs)
             Began as a Minotaur Fighter on Sept 19, 2022.
             Killed from afar by an orc wizard (7 damage)
             ... with a puff of flame
             ... on level 3 of the Dungeon.
             The game lasted 00:03:17 (2072 turns).

Iusername the Covered (Minotaur Fighter)            Turns: 2072, Time: 00:03:18

Health: -3/33      AC:  7    Str: 22    XL:     3   Next: 39%
Magic:  2/2        EV:  9    Int:  5    God:
Gold:   75         SH:  4    Dex:  9    Spells: 2/2 levels left

rFire   . . .      SeeInvis .   a - +0 long sword
rCold   . . .      Faith    .   c - +0 buckler
rNeg    . . .      Spirit   .   b - +0 scale mail
rPois   .          Reflect  .   (helmet restricted)
rElec   .          Harm     .   (no cloak)
rCorr   .          Rampage  .   (no gloves)
Will    .....                   (no boots)
Stlth   ..........              (no amulet)
HPRegen 0.11/turn               (no ring)
MPRegen 0.08/turn               (no ring)

@: no status effects
A: horns 2, retaliatory headbutt
a: no special abilities


You were on level 3 of the Dungeon.
You visited 1 branch of the dungeon, and saw 3 of its levels.

You collected 75 gold pieces.

Inventory:

Hand Weapons
 a - a +0 long sword (weapon)
Armour
 b - a +0 scale mail (worn)
 c - a +0 buckler (worn)
Scrolls
 g - a scroll of magic mapping {unknown}
 h - 2 scrolls of fear {unknown}
 i - a scroll of teleportation {unknown}
 k - a scroll of identify {unknown}
 l - a scroll of noise {unknown}
 m - a scroll of enchant armour {unknown}
 o - a scroll of acquirement {unknown}
Potions
 d - a potion of might
 e - a potion of degeneration {unknown}
 f - a potion of curing {unknown}
 j - 2 potions of attraction {unknown}
 n - 2 potions of lignification {unknown}


   Skills:
 + Level 4.0 Fighting
 + Level 3.3 Long Blades
 + Level 4.1 Armour
 + Level 0.4 Stealth
 + Level 4.0 Shields


You had 2 spell levels left.
You didn't know any spells.
Your spell library contained the following spells:

 Spells                   Type           Power      Damage    Failure   Level
 Freeze                   Ice            0%         1d3       87%         1
 Sandblast                Erth           0%         2d4       87%         1
 Sting                    Tmut/Pois      0%         1d3       87%         1
 Passwall                 Tmut/Erth      0%         N/A       95%         2
 Scorch                   Fire           0%         2d5       95%         2
 Frozen Ramparts          Ice            0%         1d1       99%         3
 Spider Form              Tmut/Pois      0%         N/A       99%         3
 Stone Arrow              Conj/Erth      0%         3d7       99%         3
 Hailstorm                Conj/Ice       0%         3d3       100%        4
 Irradiate                Conj/Tmut      0%         3d11      100%        5


Dungeon Overview and Level Annotations

Branches:
Dungeon (3/15)

Altars:

Shops:
D:2 *

Annotations:
D:3 Jessica


Innate Abilities, Weirdness & Mutations

You have a pair of horns on your head.
You reflexively headbutt those who attack you in melee.


Message History

The orc shouts!
You hit Jessica but do no damage. Jessica closely misses you.
Jessica barely misses you.
You closely miss Jessica.
Jessica casts a spell.
Jessica blinks!
Jessica casts a spell at you. Pain shoots through your body!
The orc wizard gestures wildly while chanting.
The orc wizard flickers and vanishes!
Deactivating autopickup; reactivate with Ctrl-A.
The orc misses you. You furiously retaliate!
You headbutt the orc.
You kill the orc!
The orc barely misses you. Something hits you.
Jessica gestures wildly.
Jessica barely misses you. The orc barely misses you. You furiously retaliate!
You headbutt the orc. Something hits you. Jessica hits you but does no damage.
Things that are here:
a +0 dagger; a +0 chain mail; an orc corpse You barely miss something.
Jessica hits you with a +0 club. The orc hits you with a +0 trident.
Something hits you but does no damage. Jessica hits you with a +0 club.
Something hits you but does no damage. The orc closely misses you.
Jessica hits you but does no damage. Jessica hits you with a +0 club.
Something hits you.
* * * LOW HITPOINT WARNING * * *
The orc closely misses you.
You completely miss Jessica. Jessica casts a spell at you.
Pain shoots through your body!
* * * LOW HITPOINT WARNING * * *
Something hits you but does no damage. The orc closely misses you.
You closely miss Jessica. You block Jessica's attack.
Jessica hits you with a +0 club.
* * * LOW HITPOINT WARNING * * *
You hear some strange, mumbled words.
A puff of flame appears from out of thin air!
The puff of flame hits you!
You die...

##########...#####
...................
##########........#
#....###.# #....#
.## #.####....# ..#
#
#.........###..##.#
#.#######.......?.#
.......).@@.####.
######.#{).......
...#o#######.
#####o. .... ...#.o
....#... .....#....
ยง.....


You could see Jessica (fast) and 2 orcs.

Vanquished Creatures
  2 orcs (D:3)
  2 endoplasms
  A giant cockroach (D:2)
  11 hobgoblins
  2 quokkas
  3 ball pythons (D:2)
  3 bats (D:1)
  2 frilled lizards (D:3)
  6 goblins
  A kobold (D:1)
  4 rats
37 creatures vanquished.

Notes
Turn   | Place    | Note
-------+----------+-------------------------------------------
     0 | D:1      | Iusername the Minotaur Fighter began the quest for the Orb.
     0 | D:1      | Reached XP level 1. HP: 19/19 MP: 0/0
   663 | D:1      | Reached XP level 2. HP: 27/27 MP: 1/1
  1177 | D:2      | Identified the +1 robe "Bylimo Roma" {rCorr}
  1248 | D:2      | Found Sainitien's Assorted Antiques.
  1612 | D:2      | Reached XP level 3. HP: 33/33 MP: 2/2
  1672 | D:2      | Got Sif Muna's Atlas of the Reformed Pyre
  2059 | D:3      | Noticed Jessica
  2072 | D:3      | Killed from afar by an orc wizard

Illustrated notes

Levels and vault maps discovered:
D:1:      dpeg_arrival_boxorama, layout_rooms
D:2:      layout_basic, serial_shops, nicolae_shop_waterfront,
          palyth_stone_intersect, kennysheep_boxes
D:3:      layout_basic, demons_altar, shapermc_ecumenical_altar_mp_ritualfount,
          uniq_jessica, uniq_natasha

Skill      XL: |  1  2  3 |
---------------+----------+-----
Shields        | 4 |  4.0
Armour         | 4 |  4.1
Long Blades    | 3 |  3.3
Fighting       | 4 |  4.0
Stealth        | |  0.4

Action                   || total
-------------------------++-------
Melee: Long sword        ||    92
       Headbutt          ||    11
Armor: Scale mail        ||    39
Dodge: Dodged            ||    56
Block: Buckler           ||    22
